 Dungeon Crawl Stone Soup version 0.20-a0-465-g6513c8f (webtiles) character file.

350 dobroeutro the Cudgeler (level 6, -11/37 HPs)
             Began as a Gargoyle Fighter on Jan 12, 2017.
             Mangled by an ogre
             ... wielding a +0 giant club
              (13 damage)
             ... on level 4 of the Dungeon.
             The game lasted 00:02:53 (2572 turns).

dobroeutro the Cudgeler (Gargoyle Fighter)          Turns: 2572, Time: 00:02:54

Health: -11/37     AC: 13    Str: 20    XL:     6   Next: 61%
Magic:  6/6        EV:  7    Int:  9    God:
Gold:   169        SH:  9    Dex: 10    Spells: 5/5 levels left

rFire  . . .     SeeInvis .     a - +0 flail
rCold  . . .     Gourm    .     b - +0 scale mail
rNeg   + + .     Faith    .     c - +0 shield
rPois  ∞         Spirit   .     (no helmet)
rElec  +         Reflect  .     z - +1 cloak {+Inv}
rCorr  .         Harm     .     (no gloves)
MR     .....                    (no boots)
Stlth  ..........               (no amulet)
                                (no ring)
                                w - ring of positive energy

@: no status effects
A: negative energy resistance 1, electricity resistance, unbreathing,
petrification resistance, rot immunity, AC +4
a: Evoke Invisibility


You were on level 4 of the Dungeon.
You were not hungry.

You visited 1 branch of the dungeon, and saw 4 of its levels.

You collected 169 gold pieces.

Inventory:

Hand Weapons
 a - a +0 flail (weapon)
Armour
 b - a +0 scale mail (worn)
 c - a +0 shield (worn)
 z - a +1 cloak of invisibility (worn)
Jewellery
 w - a ring of positive energy (left hand)
Wands
 q - a wand of flame (23/48)
 r - a wand of polymorph (9/24)
 v - a wand of confusion (29/48)
 x - a wand of random effects (23/48)
 y - a wand of random effects (20/48)
Scrolls
 g - a scroll of random uselessness {unknown}
 h - a scroll of magic mapping {unknown}
 k - 3 scrolls of remove curse {unknown}
 m - a scroll of enchant armour {unknown}
 n - 3 scrolls of teleportation {unknown}
 s - 3 scrolls of identify {unknown}
 t - a scroll of fear {unknown}
 u - a scroll of blinking {unknown}
Potions
 d - a potion of might
 e - a potion of brilliance {unknown}
 j - a potion of heal wounds
 l - a potion of haste {unknown}
 B - a potion of mutation {unknown}
Comestibles
 f - 3 bread rations
 i - 4 meat rations
 o - a beef jerky
 p - 2 fruits
 A - 5 chunks of flesh


   Skills:
 - Level 3.2 Fighting
 + Level 6.8 Maces & Flails
 - Level 3.2 Armour
 - Level 3.2 Shields


You had 5 spell levels left.
You didn't know any spells.

Dungeon Overview and Level Annotations

Branches:
Dungeon (4/15)             Temple (0/1) D:4

Altars:
Hepliaklqana


Innate Abilities, Weirdness & Mutations

You are resistant to torment.
Your stone body is resilient. (AC +4)
You are immune to poison.
You resist negative energy. (rN+)
You are resistant to electric shocks. (rElec)
You can survive without breathing.
You are immune to petrification.
You are immune to rotting.


Message History

You sock the ogre!
The ogre is moderately wounded.
You sock the ogre!
The ogre is heavily wounded.
The ogre hits you but does no damage.
Your shield and scale mail prevent you from hitting the ogre.
The ogre is heavily wounded.
The ogre barely misses you.
You hit the ogre but do no damage.
The ogre is heavily wounded.
The ogre hits you with a giant club!
* * * LOW HITPOINT WARNING * * *
You barely miss the ogre.
The ogre is heavily wounded.
The ogre hits you with a giant club!
* * * LOW HITPOINT WARNING * * *
You hit the ogre.
The ogre is severely wounded.
The ogre hits you with a giant club!
You die...

#######+#######
..........<...#
..............#
..............#
...)..........#
..............#####
#########'###........
............#...###..
..>....@....#..##.#
......†O....#..#.[##
#####..##...#..#...####
#.. #...##.####...##
... ..%..#...##....#
.... .....#...#.....#
..... ....#...#.....#
...... ..#...##††###
#....##÷#


You could see an ogre.

Vanquished Creatures
  A hound (D:4)
  Crazy Yiuf (D:3)
  Natasha (thrice) (D:3)
  Jessica (D:2)
  Terence (D:3)
  A worker ant (D:4)
  6 adders
  3 oozes
  A leopard gecko (D:1)
  3 orcs (D:3)
  A ball python (D:3)
  4 bats
  A giant cockroach (D:1)
  5 goblins
  4 hobgoblins
  11 jackals
  7 kobolds
  2 quokkas
  5 frilled lizards
  25 rats
86 creatures vanquished.

Notes
Turn   | Place    | Note
-------+----------+-------------------------------------------
     0 | D:1      | dobroeutro the Gargoyle Fighter began the quest for the Orb.
     0 | D:1      | Reached XP level 1. HP: 14/14 MP: 1/1
    64 | D:1      | Reached XP level 2. HP: 15/19 MP: 2/2
   169 | D:1      | Reached skill level 3 in Maces & Flails
   307 | D:1      | Reached XP level 3. HP: 23/23 MP: 3/3
   576 | D:1      | You fall through a shaft!
   582 | D:2      | Reached skill level 4 in Maces & Flails
   661 | D:2      | Noticed Jessica
   664 | D:2      | Killed Jessica
   664 | D:2      | Reached XP level 4. HP: 28/28 MP: 4/4
  1374 | D:3      | Reached skill level 5 in Maces & Flails
  1374 | D:3      | Reached XP level 5. HP: 32/32 MP: 5/5
  1544 | D:3      | Noticed Natasha
  1558 | D:3      | Killed Natasha
  1592 | D:3      | Noticed Natasha
  1606 | D:3      | Killed Natasha
  1844 | D:3      | Found a hazy altar of Hepliaklqana.
  1894 | D:3      | Noticed Terence
  1910 | D:3      | Killed Terence
  1910 | D:3      | Reached skill level 6 in Maces & Flails
  1910 | D:3      | Reached XP level 6. HP: 36/37 MP: 6/6
  1939 | D:3      | Found a runed door.
  2004 | D:3      | Noticed Natasha
  2025 | D:3      | Killed Natasha
  2340 | D:3      | Noticed Crazy Yiuf
  2350 | D:3      | Killed Crazy Yiuf
  2560 | D:4      | Found a staircase to the Ecumenical Temple.
  2572 | D:4      | Mangled by an ogre

Vault maps used:
D:1:      lightli_arrival_quake, minmay_bisected
D:2:      uniq_jessica
D:3:      lemuel_coloured_pillars_altar, kennysheep_generic_room_16,
          uniq_crazy_yiuf_cottage, uniq_terence, uniq_natasha
D:4:      nicolae_ru_sacrificial_ziggurat, grunt_temple_overflow_open,
          serial_shops, nicolae_shop_window_shopping, minmay_rat_hole

Skill      XL: |  1  2  3  4  5 |
---------------+----------------+-----
Maces & Flails | 3 4 5 6 |  6.8
Fighting       | |  3.2
Armour         | |  3.2
Shields        | |  3.2

Action                   |  1- 3 |  4- 6 || total
-------------------------+-------+-------++-------
Melee: Flail             |    84 |   275 ||   359
  Eat: Chunk             |       |     6 ||     6
Armor: Scale mail        |    36 |   170 ||   206
Dodge: Dodged            |    23 |    96 ||   119
Block: Shield            |    37 |   170 ||   207
